[Event "Early Titled Tuesday Blitz | February 8 2022"]
[White "Navalgund, Niranjan"]
[Black "Artemenko, Oleg"]
[WhiteFideId "5030854"]
[BlackFideId "14201798"]
[WhiteElo "2290"]
[BlackElo "2287"]
[Result "0-1"]
[Round "05"]
[TimeControl "180+1"]
[Date "2022.02.08"]
[WhiteClock "0:00:26"]
[BlackClock "0:00:28"]

1. e4 e6 2. e5 d5 3. exd6 cxd6 4. d4 Nc6 5. Nf3 Nf6 6. Bd3 Be7 7. O-O O-O 8. Bg5 h6 9. Bf4 Qb6 10. Nc3 Qxb2 11. Qd2 Qa3 12. Rab1 h5 13. Rb3 Qa5 14. Bh6 a6 15. Bxg7 Kxg7 16. Rb5 Ne4 17. Bxe4 axb5 18. Re1 Bd7 19. Qd3 d5 20. Bxd5 exd5 21. Nxd5 Rfe8 22. h3 Bd6 23. Ne5 Qxe1+ 24. Kh2 Nxe5 25. Qg3+ Ng6 26. Qxd6 Bc6 27. Qf6+ Kg8 28. Ne3 Rxe3 29. fxe3 Qxe3 30. a3 Qf4+ 31. Qxf4 Nxf4 32. Kg3 Ne2+ 33. Kh4 Nxd4 34. a4 bxa4 35. c4 a3 36. c5 a2 37. g4 a1=Q 38. g5 Ne6 39. Kxh5 Qh8+ 40. Kg4 Ra4+ 41. Kf5 Qc3 42. g6 Ra2 43. gxf7+ Kxf7 44. h4 Qf6+ 45. Kg4 Qf3# 0-1


[Site "https://www.chess.com"]

[Event "Early Titled Tuesday Blitz | February 8 2022"]
[White "Nepomniachtchi, Ian"]
[Black "Samunenkov, Ihor"]
[WhiteFideId "4168119"]
[BlackFideId "14187086"]
[WhiteElo "2740"]
[BlackElo "2406"]
[Result "1-0"]
[Round "05"]
[TimeControl "180+1"]
[Date "2022.02.08"]
[WhiteClock "0:01:26"]
[BlackClock "0:00:31"]

1. e4 c6 2. d4 d5 3. f3 e6 4. Nc3 Qb6 5. a3 Nf6 6. Be3 dxe4 7. fxe4 Ng4 8. Qxg4 Qxb2 9. Rd1 Qxc3+ 10. Bd2 Qxc2 11. Nf3 Nd7 12. e5 Qg6 13. Qf4 Be7 14. Be3 Nb6 15. Bf2 Nd5 16. Qc1 Qe4+ 17. Be2 Nf4 18. Rd2 Nxg2+ 19. Kf1 Ne3+ 20. Bxe3 Qxe3 21. Rg1 O-O 22. Rg3 f6 23. Bd3 fxe5 24. Rxg7+ Kxg7 25. Rg2+ Qg5 26. Rxg5+ Bxg5 27. Qxg5+ Kh8 28. Qxe5+ Kg8 29. Qg5+ Kh8 30. Ke2 Bd7 31. Qe7 Rad8 32. Qxh7# 1-0


[Site "https://www.chess.com"]

[Event "Early Titled Tuesday Blitz | February 8 2022"]
[White "Nesterov, Arseniy"]
[Black "Mohammad Fahad, Rahman"]
[WhiteFideId "24198455"]
[BlackFideId "10207791"]
[WhiteElo "2489"]
[BlackElo "2323"]
[Result "1-0"]
[Round "05"]
[TimeControl "180+1"]
[Date "2022.02.08"]
[WhiteClock "0:00:29"]
[BlackClock "0:00:01"]

1. d4 d5 2. c4 c6 3. Nc3 Nf6 4. e3 e6 5. Nf3 Nbd7 6. Bd3 dxc4 7. Bxc4 b5 8. Bd3 Bb7 9. O-O Bd6 10. b3 O-O 11. Bb2 Qe7 12. Ne4 Nxe4 13. Bxe4 a6 14. Rc1 Rac8 15. Nd2 Nf6 16. Bf3 Rfd8 17. Ne4 Nxe4 18. Bxe4 c5 19. Bxb7 Qxb7 20. dxc5 Bxh2+ 21. Kxh2 Rxd1 22. Rfxd1 Qc7+ 23. Kg1 b4 24. c6 h6 25. Rd7 Qa5 26. c7 Kh7 27. Rxf7 Kg6 28. Rxg7+ Kf5 29. g4+ Ke4 30. Rc4+ Kf3 31. Kf1 Rf8 32. c8=Q Rxc8 33. Rf4# 1-0


[Site "https://www.chess.com"]

[Event "Early Titled Tuesday Blitz | February 8 2022"]
[White "Niemann, Hans Moke"]
[Black "Fawzy, Adham"]
[WhiteFideId "2093596"]
[BlackFideId "10613129"]
[WhiteElo "2636"]
[BlackElo "2510"]
[Result "1-0"]
[Round "05"]
[TimeControl "180+1"]
[Date "2022.02.08"]
[WhiteClock "0:00:20"]
[BlackClock "0:00:01"]

1. d4 Nf6 2. Nc3 d5 3. Bf4 g6 4. e3 Bg7 5. Nb5 Na6 6. h3 O-O 7. Nf3 c6 8. Nc3 Re8 9. Be2 Nd7 10. O-O Nc7 11. e4 dxe4 12. Nxe4 Nf6 13. Bd3 Ne6 14. Be3 Nd5 15. Bc4 Nec7 16. Bb3 Bf5 17. Ng3 Be6 18. Bd2 a5 19. a3 a4 20. Ba2 Nf6 21. Bb1 b5 22. c3 Bb3 23. Bc2 Bxc2 24. Qxc2 Nd7 25. Rfe1 e5 26. Bg5 Qb8 27. Ne4 Nd5 28. c4 bxc4 29. Qxc4 Qb5 30. Qxb5 cxb5 31. Nd6 Re6 32. Nxb5 e4 33. Nd2 f5 34. Nf1 Rb8 35. Nc3 N7b6 36. Ne3 Rd6 37. Rad1 Ra8 38. g4 Nxe3 39. fxe3 Nc4 40. Re2 Rb6 41. gxf5 gxf5 42. Rf1 h6 43. Bf4 Rxb2 44. Rxb2 Nxb2 45. Nb5 Nc4 46. Rc1 Nd2 47. Rc5 Rf8 48. Nd6 Nf3+ 49. Kg2 Rf6 50. Nxf5 Bf8 51. Ra5 Rg6+ 52. Kf2 Rb6 53. Ra8 Kf7 54. Ra7+ Kg8 55. Ne7+ Bxe7 56. Rxe7 1-0


[Site "https://www.chess.com"]

[Event "Early Titled Tuesday Blitz | February 8 2022"]
[White "Nilsen, Tobias Lang"]
[Black "Kazarian, Anna-Maja"]
[WhiteFideId "1521624"]
[BlackFideId "1033689"]
[WhiteElo "2013"]
[BlackElo "2004"]
[Result "1-0"]
[Round "05"]
[TimeControl "180+1"]
[Date "2022.02.08"]
[WhiteClock "0:00:07"]
[BlackClock "0:00:02"]

1. f4 Nf6 2. Nf3 b6 3. g3 Bb7 4. Bg2 e6 5. O-O Be7 6. d3 d5 7. e4 dxe4 8. Ng5 O-O 9. Nxe4 Nxe4 10. dxe4 Bc5+ 11. Kh1 Qf6 12. Qe2 Nc6 13. c3 Rfd8 14. Be3 Bxe3 15. Qxe3 Qe7 16. e5 Na5 17. Bxb7 Nxb7 18. Nd2 Qc5 19. Qxc5 Nxc5 20. Nf3 Rd3 21. Nd4 Na4 22. Rab1 c5 23. Nb5 a6 24. Nd6 Rd2 25. Nc4 Rc2 26. Rbc1 Rxc1 27. Rxc1 b5 28. b3 bxc4 29. bxa4 Rb8 30. Rc2 Kf8 31. Kg2 Ke7 32. Kf3 Rb1 33. h4 f6 34. exf6+ Kxf6 35. g4 h6 36. Re2 Rc1 37. Re3 Rc2 38. Ke4 Rxa2 39. g5+ hxg5 40. hxg5+ Kf7 41. Ke5 Rxa4 42. Rg3 Ra1 43. Kd6 Rf1 44. Rg4 a5 45. Kxc5 Kg6 46. Rg3 Rxf4 47. Kb5 Rf5+ 48. Kxc4 Rxg5 49. Re3 Kf6 50. Rf3+ Rf5 51. Rg3 g5 52. Kd4 a4 53. c4 Rf4+ 54. Kc5 g4 55. Kb5 e5 56. Kxa4 Kf5 57. Kb5 Rf3 58. Rg1 Rc3 59. c5 g3 60. Kb4 Rc2 61. Rxg3 1-0


[Site "https://www.chess.com"]

[Event "Early Titled Tuesday Blitz | February 8 2022"]
[White "Omariev, Maksim"]
[Black "Kaasen, Tor Fredrik"]
[WhiteFideId "4193423"]
[BlackFideId "1516647"]
[WhiteElo "2522"]
[BlackElo "2335"]
[Result "1-0"]
[Round "05"]
[TimeControl "180+1"]
[Date "2022.02.08"]
[WhiteClock "0:00:08"]
[BlackClock "0:00:05"]

1. e4 e5 2. Nf3 Nc6 3. Bb5 a6 4. Ba4 Nf6 5. O-O Nxe4 6. Re1 Nc5 7. Nxe5 Be7 8. Bxc6 dxc6 9. d4 Ne6 10. c3 O-O 11. Qf3 Bf6 12. Nd2 c5 13. Ne4 cxd4 14. Nxf6+ Qxf6 15. Qxf6 gxf6 16. Ng4 Rd8 17. Nxf6+ Kg7 18. Nh5+ Kg6 19. Nf4+ Nxf4 20. Bxf4 c5 21. Bc7 Rg8 22. cxd4 cxd4 23. Rad1 Be6 24. b3 Rac8 25. Be5 Rc2 26. Rxd4 Rxa2 27. h4 f6 28. Rd6 Re8 29. Bd4 Kf7 30. f4 Rd2 31. f5 Bxf5 32. Rxf6+ Kg7 33. Rxe8 Rd1+ 34. Kf2 Rxd4 35. Rxf5 Rd3 36. Rf3 Rd2+ 37. Re2 Rd6 38. Re7+ Kg6 39. Rxb7 Rd2+ 40. Kg3 Rd4 41. Rb6+ Kh5 42. Rxa6 Rd5 43. Raf6 Rd4 44. R6f5+ Kg6 45. R5f4 Rd1 46. Rg4+ Kh6 47. b4 Kh5 48. Rg5+ Kh6 49. Rf6# 1-0


[Site "https://www.chess.com"]

[Event "Early Titled Tuesday Blitz | February 8 2022"]
[White "Orlov, Georgi"]
[Black "De Arruda, Leandro Formes"]
[WhiteFideId "2011271"]
[BlackFideId "22722009"]
[WhiteElo "2463"]
[BlackElo "1780"]
[Result "1-0"]
[Round "05"]
[TimeControl "180+1"]
[Date "2022.02.08"]
[WhiteClock "0:00:17"]
[BlackClock "0:00:04"]

1. d4 d5 2. Nf3 e6 3. c4 Nf6 4. g3 Be7 5. Bg2 O-O 6. Nc3 dxc4 7. Ne5 Nbd7 8. Nxc4 Nb6 9. Qb3 Rb8 10. Nxb6 axb6 11. Bf4 Bd6 12. Bxd6 Qxd6 13. Nb5 Qd8 14. Rd1 c6 15. Nc3 b5 16. e4 Qb6 17. O-O Rd8 18. Qb4 Qa6 19. a3 Bd7 20. Rfe1 Be8 21. h3 Rd7 22. e5 Nd5 23. Nxd5 exd5 24. h4 Rdd8 25. Bh3 Bd7 26. e6 Bxe6 27. Bxe6 fxe6 28. Rxe6 Qa4 29. Qe1 Qc2 30. Rd2 Qf5 31. Rde2 Rf8 32. Re7 Rf7 33. Rxf7 Qxf7 34. Re7 Qf6 35. Qe3 h6 36. Kg2 Qg6 37. Kh3 Qf5+ 38. g4 Qf6 39. f3 Rf8 40. Kg3 b6 41. h5 c5 42. Qe6+ Qxe6 43. Rxe6 Rd8 44. Rxb6 cxd4 45. Kf2 Re8 46. Rxb5 d3 47. Rxd5 Re2+ 48. Kg3 d2 49. b4 Kf7 50. b5 Ke6 51. Rd8 Ke7 52. Rd3 Ke6 53. b6 d1=Q 54. Rxd1 Rb2 55. a4 Rxb6 56. Ra1 Ra6 57. a5 Kd5 58. Ra4 Kc5 59. f4 Kb5 60. Ra1 Ra8 61. g5 Ka6 62. Kg4 Rg8 63. f5 Rf8 64. g6 Rf6 65. Kf4 Rd6 66. Re1 Rd4+ 67. Re4 Rd5 68. Re6+ Kxa5 69. Re5 Rxe5 70. Kxe5 Kb6 71. f6 Kc7 72. fxg7 1-0


[Site "https://www.chess.com"]

[Event "Early Titled Tuesday Blitz | February 8 2022"]
[White "Orozbaev, Eldiar"]
[Black "Sjugirov, Sanan"]
[WhiteFideId "13802240"]
[BlackFideId "4189302"]
[WhiteElo "2050"]
[BlackElo "2602"]
[Result "1-0"]
[Round "05"]
[TimeControl "180+1"]
[Date "2022.02.08"]
[WhiteClock "0:00:08"]
[BlackClock "0:00:22"]

1. e4 c5 2. c3 Nf6 3. e5 Nd5 4. d4 cxd4 5. cxd4 d6 6. Nf3 Nc6 7. Nc3 Nxc3 8. bxc3 d5 9. Bd3 Bg4 10. Rb1 Qc7 11. Qb3 Na5 12. Bb5+ Bd7 13. Qxd5 Nc6 14. Ng5 e6 15. Qf3 Nd8 16. O-O Be7 17. Bxd7+ Qxd7 18. Rd1 O-O 19. Ne4 Rc8 20. Nf6+ Bxf6 21. exf6 Qd5 22. Qxd5 exd5 23. fxg7 Re8 24. Rb5 Rxc3 25. Rxd5 Ne6 26. Bh6 Rc2 27. a4 Rc4 28. a5 Rxd4 29. g3 Rxd5 30. Rxd5 Rd8 31. Rb5 Rd7 32. f4 f6 33. Rf5 Rf7 34. Rd5 Nxg7 35. Rd8+ Rf8 36. Rd7 Rf7 37. Rd8+ Rf8 38. Rd5 Re8 39. Bxg7 Kxg7 40. Rd7+ Kg6 41. Rxb7 Kf5 42. Rxa7 Kg4 43. Kf2 h5 44. Rg7+ Kh3 45. Rh7 Kg4 46. h3+ Kf5 47. Rxh5+ Ke4 48. Rb5 1-0


[Site "https://www.chess.com"]

[Event "Early Titled Tuesday Blitz | February 8 2022"]
[White "Osmak, Yuliia"]
[Black "Warchol, Kamil"]
[WhiteFideId "14101602"]
[BlackFideId "21858241"]
[WhiteElo "2302"]
[BlackElo "1905"]
[Result "1-0"]
[Round "05"]
[TimeControl "180+1"]
[Date "2022.02.08"]
[WhiteClock "0:00:10"]
[BlackClock "0:00:03"]

1. e4 c5 2. b3 g6 3. Bb2 Nf6 4. e5 Nd5 5. Bc4 Nb6 6. e6 f6 7. exd7+ Bxd7 8. Qe2 Nxc4 9. Bxf6 Rg8 10. bxc4 Nc6 11. Nf3 Qb6 12. Nc3 O-O-O 13. Nd5 Qa6 14. Bc3 Bf5 15. d3 Nd4 16. Bxd4 cxd4 17. O-O e6 18. Nf6 Rg7 19. Rfb1 Rf7 20. Ne4 Bg4 21. Neg5 Rf6 22. h3 Bh5 23. g4 Bh6 24. gxh5 gxh5 25. h4 Rg8 26. Kh1 Qc6 27. Qe4 Qxe4 28. dxe4 Bxg5 29. Nxg5 h6 30. Nh3 Rf3 31. Kh2 Rc3 32. Rg1 Rf8 33. Rac1 e5 34. Rg6 d3 35. Rg3 d2 36. Rd1 Rxc2 37. Rd3 Rd8 38. Rxd8+ Kxd8 39. Kg2 Kd7 40. Ng1 Kc6 41. Nf3 Kc5 42. Rxd2 Rc3 43. Rd5+ Kxc4 44. Nxe5+ Kb4 45. Nf3 Rc2 46. Rxh5 Rxa2 47. Rxh6 a5 48. Rh7 a4 49. h5 Kc3 50. Rxb7 a3 51. Ra7 Ra1 52. h6 a2 53. h7 Kb3 54. h8=Q Rb1 55. Qb8+ Kc3 56. Qe5+ Kd3 57. Qd5+ Ke2 58. Qxa2+ Kd3 59. Qxb1+ Kc4 60. Rc7# 1-0


[Site "https://www.chess.com"]

[Event "Early Titled Tuesday Blitz | February 8 2022"]
[White "Ovetchkin, Roman"]
[Black "Sychev, Klementy"]
[WhiteFideId "4119991"]
[BlackFideId "4114060"]
[WhiteElo "2409"]
[BlackElo "2564"]
[Result "0-1"]
[Round "05"]
[TimeControl "180+1"]
[Date "2022.02.08"]
[WhiteClock "0:00:02"]
[BlackClock "0:00:14"]

1. d4 g6 2. e4 Bg7 3. Nc3 d6 4. Be3 a6 5. f4 b5 6. Nf3 Bb7 7. Bd3 Nd7 8. e5 c5 9. Be4 Bxe4 10. Nxe4 Nh6 11. dxc5 dxe5 12. Nxe5 Nf5 13. Bf2 Nxe5 14. fxe5 Bxe5 15. c3 Qc7 16. g4 Ng7 17. Qf3 O-O 18. Bg3 f5 19. gxf5 Nxf5 20. Bxe5 Qxe5 21. O-O-O a5 22. Qd3 Rfd8 23. Qxd8+ Rxd8 24. Rxd8+ Kg7 25. Re1 b4 26. cxb4 axb4 27. Rd2 Nd4 28. Kb1 Nf3 29. Rde2 Nxe1 30. Rxe1 Qxh2 31. Rc1 Qf4 32. c6 Qxe4+ 33. Ka1 Qf5 34. c7 Qc8 35. a4 bxa3 36. b4 h5 37. b5 h4 38. b6 h3 0-1


[Site "https://www.chess.com"]

[Event "Early Titled Tuesday Blitz | February 8 2022"]
[White "Ozer, Omer Faruk"]
[Black "Baches Garcia, Guillermo"]
[WhiteFideId "6354564"]
[BlackFideId "2209764"]
[WhiteElo "2050"]
[BlackElo "2448"]
[Result "0-1"]
[Round "05"]
[TimeControl "180+1"]
[Date "2022.02.08"]
[WhiteClock "0:01:04"]
[BlackClock "0:00:19"]

1. d4 Nf6 2. Nf3 e6 3. Bg5 h6 4. Bh4 d6 5. Nbd2 g5 6. Bg3 Nh5 7. e4 Bg7 8. c3 Qe7 9. Bd3 Nd7 10. Qe2 a6 11. Nb3 b6 12. Nfd2 Nxg3 13. hxg3 c5 14. a4 Bb7 15. dxc5 Nxc5 16. Nxc5 bxc5 17. Nc4 O-O 18. O-O Rab8 19. f4 d5 20. exd5 Bxd5 21. f5 Rbe8 22. Ne3 exf5 23. Nxd5 Qxe2 24. Bxe2 Rxe2 25. Rf2 Rfe8 26. Raf1 Rxf2 27. Rxf2 Re1+ 28. Kh2 f4 29. gxf4 gxf4 30. b4 cxb4 31. cxb4 Ra1 32. a5 Be5 33. Kh3 Rd1 34. Ne7+ Kg7 35. Nc6 h5 36. Nxe5 Rh1# 0-1


[Site "https://www.chess.com"]

[Event "Early Titled Tuesday Blitz | February 8 2022"]
[White "Papasimakopoulos, Alexandros"]
[Black "Van Foreest, Jorden"]
[WhiteFideId "4244125"]
[BlackFideId "1039784"]
[WhiteElo "2340"]
[BlackElo "2609"]
[Result "1-0"]
[Round "05"]
[TimeControl "180+1"]
[Date "2022.02.08"]
[WhiteClock "0:00:26"]
[BlackClock "0:01:56"]

1. d4 Nf6 2. c4 g6 3. Nc3 Bg7 4. Bg5 O-O 5. e3 d6 6. Nf3 c5 7. Be2 Nc6 8. O-O cxd4 9. Nxd4 Bg4 10. Bxg4 Ne5 11. Be2 Rc8 12. b3 h6 13. Bh4 Re8 14. Rc1 a6 15. Bg3 Qa5 16. Qd2 Red8 17. Rfd1 Qb6 18. Bh4 e6 19. Nf3 Nc6 20. Na4 Qc7 21. Nc3 Ne7 22. Nd4 Qb8 23. a4 b6 24. a5 bxa5 25. Ra1 Qb4 26. Ra4 Qb6 27. Rda1 e5 28. Nc2 g5 29. Bg3 d5 30. cxd5 Nfxd5 31. Bc4 e4 32. Nxd5 Nxd5 33. Bxd5 Bxa1 34. Rxa1 Rc5 35. Nd4 Rcxd5 36. Qc2 Qb7 37. Rc1 f5 38. h4 f4 39. Bh2 Re5 40. Nc6 Rc8 41. Ne7+ Rxe7 42. Qxc8+ Kh7 43. hxg5 Qxc8 44. Rxc8 fxe3 45. g6+ Kxg6 46. fxe3 Rb7 47. Rc6+ Kf5 48. Rxa6 Rxb3 49. Rxa5+ Kg4 50. Bf4 h5 51. Kh2 Rb2 52. Re5 Rb4 53. Rg5+ Kh4 54. g3# 1-0


[Site "https://www.chess.com"]

[Event "Early Titled Tuesday Blitz | February 8 2022"]
[White "Papp, Petra"]
[Black "Kornyukov, Alexey"]
[WhiteFideId "739049"]
[BlackFideId "4150457"]
[WhiteElo "2259"]
[BlackElo "2303"]
[Result "1-0"]
[Round "05"]
[TimeControl "180+1"]
[Date "2022.02.08"]
[WhiteClock "0:00:18"]
[BlackClock "0:00:22"]

1. e4 c5 2. Nf3 Nc6 3. d4 cxd4 4. Nxd4 e5 5. Nb3 Nf6 6. f3 Nxe4 7. fxe4 Qh4+ 8. Kd2 Qf4+ 9. Ke2 Qxe4+ 10. Be3 d5 11. Nc3 Qc4+ 12. Kf2 Qh4+ 13. g3 Qf6+ 14. Kg1 d4 15. Nb5 Bd6 16. Bf2 O-O 17. Bg2 a6 18. Nxd6 Qxd6 19. c3 d3 20. Bc5 Qf6 21. Bxf8 Kxf8 22. Qxd3 Bf5 23. Qe2 Rd8 24. Rf1 Qg6 25. Qf2 Bd3 26. Re1 e4 27. Nc5 b6 28. Nxe4 Bxe4 29. Bxe4 Qd6 30. Kg2 Ne5 31. Rhf1 f6 32. Kg1 Ng4 33. Qd4 Qc7 34. Qb4+ Kg8 35. Rd1 Re8 36. Bd5+ Kh8 37. Qxg4 h6 38. Rfe1 Rd8 39. Be4 Qc5+ 40. Kg2 Rg8 41. Qg6 f5 42. Bxf5 Qxf5 43. Qxf5 b5 44. Rd6 a5 45. Ree6 b4 46. Rxh6+ gxh6 47. Rxh6+ Kg7 48. Rh7# 1-0


[Site "https://www.chess.com"]

[Event "Early Titled Tuesday Blitz | February 8 2022"]
[White "Pasini, Nicolo"]
[Black "Saim, Mohamed Ilias"]
[WhiteFideId "2809600"]
[BlackFideId "7900465"]
[WhiteElo "2065"]
[BlackElo "2006"]
[Result "1-0"]
[Round "05"]
[TimeControl "180+1"]
[Date "2022.02.08"]
[WhiteClock "0:00:19"]
[BlackClock "0:00:02"]

1. e4 c6 2. d4 d5 3. exd5 cxd5 4. Bd3 Nc6 5. c3 Nf6 6. Bf4 Bg4 7. Qb3 Qb6 8. Na3 Qxb3 9. axb3 a6 10. b4 e6 11. Ne2 Be7 12. O-O O-O 13. b5 axb5 14. Nxb5 Bxe2 15. Bxe2 Ne4 16. f3 Nf6 17. Nc7 Rac8 18. g4 h6 19. h3 Nd7 20. Nb5 e5 21. dxe5 Ndxe5 22. Be3 Rfe8 23. Kf2 Nc4 24. Bxc4 dxc4 25. Kg2 Ne5 26. Rfd1 Nd3 27. b4 Bf6 28. Nd6 Rxe3 29. Nxc8 Re2+ 30. Kf1 Rf2+ 31. Kg1 Be5 32. Rxd3 1-0


[Site "https://www.chess.com"]

[Event "Early Titled Tuesday Blitz | February 8 2022"]
[White "Perez Gormaz, Matias"]
[Black "Andreikin, Dmitry"]
[WhiteFideId "3406342"]
[BlackFideId "4158814"]
[WhiteElo "2352"]
[BlackElo "2736"]
[Result "0-1"]
[Round "05"]
[TimeControl "180+1"]
[Date "2022.02.08"]
[WhiteClock "0:00:05"]
[BlackClock "0:01:56"]

1. e4 c5 2. Nf3 e6 3. g3 Nc6 4. Bg2 Nf6 5. Qe2 e5 6. O-O d6 7. c3 g6 8. Rd1 Bg4 9. h3 Bxf3 10. Bxf3 Bh6 11. Na3 O-O 12. Nc4 b5 13. Ne3 Rb8 14. a4 b4 15. d3 Na5 16. Qc2 bxc3 17. bxc3 Nb3 18. Ra3 Nxc1 19. Qxc1 Kg7 20. a5 Qc7 21. Kg2 Rb5 22. Qa1 Bxe3 23. fxe3 Rfb8 24. Rd2 Rb1 25. Qa2 h5 26. Rf2 Re1 27. Be2 Rbb1 28. Bf1 c4 29. Qd2 Rbd1 30. Qc2 cxd3 31. Bxd3 Rg1+ 32. Kh2 Rh1+ 33. Kg2 Qd7 34. Kf3 Rde1 0-1


[Site "https://www.chess.com"]

[Event "Early Titled Tuesday Blitz | February 8 2022"]
[White "Pesotskiy, Mikhail"]
[Black "Harshavardhan G B"]
[WhiteFideId "34164453"]
[BlackFideId "25059009"]
[WhiteElo "2010"]
[BlackElo "1831"]
[Result "0-1"]
[Round "05"]
[TimeControl "180+1"]
[Date "2022.02.08"]
[WhiteClock "0:00:09"]
[BlackClock "0:00:53"]

1. d4 Nf6 2. c4 e6 3. Nc3 Bb4 4. Qc2 d5 5. a3 Bxc3+ 6. Qxc3 c5 7. dxc5 d4 8. Qc2 O-O 9. e3 e5 10. Nf3 Nc6 11. b4 Re8 12. Bb2 d3 13. Qc3 e4 14. Nd4 Ne5 15. O-O-O a5 16. f3 axb4 17. axb4 Bd7 18. Rd2 Ra2 19. Kb1 Qa8 20. Nb3 Ra4 21. Na5 Bf5 22. Qb3 Rxa5 23. bxa5 Qxa5 24. Bc3 Qxc5 25. g4 Bg6 26. g5 Nfd7 27. Bd4 Qxc4 28. Qxc4 Nxc4 29. Ra2 exf3 30. Kc1 Rc8 31. Kd1 Nde5 32. h3 b5 33. Ra1 Nc6 34. Rb1 Nxd4 35. exd4 Be4 36. Rb3 f2 37. Rh2 Bf3+ 38. Kc1 d2+ 0-1


[Site "https://www.chess.com"]

[Event "Early Titled Tuesday Blitz | February 8 2022"]
[White "Ponkratov, Pavel"]
[Black "Erigaisi Arjun"]
[WhiteFideId "4157800"]
[BlackFideId "35009192"]
[WhiteElo "2487"]
[BlackElo "2745"]
[Result "0-1"]
[Round "05"]
[TimeControl "180+1"]
[Date "2022.02.08"]
[WhiteClock "0:00:14"]
[BlackClock "0:00:13"]

1. d4 e6 2. c4 c5 3. d5 exd5 4. cxd5 d6 5. e4 g6 6. f4 Bg7 7. Bb5+ Nd7 8. Nc3 a6 9. Bd3 b5 10. Nf3 c4 11. Bc2 Ngf6 12. O-O O-O 13. a3 Qb6+ 14. Kh1 Re8 15. Qe1 Nc5 16. Be3 Bg4 17. Qh4 Bxf3 18. gxf3 Qc7 19. Qf2 Nh5 20. f5 Qe7 21. Rg1 Kh8 22. Rad1 Be5 23. f4 Bxc3 24. bxc3 Nxe4 25. Bd4+ Nef6 26. fxg6 fxg6 27. Rde1 Qf7 28. Qf3 Rxe1 29. Rxe1 Re8 30. Rg1 Kg8 31. f5 Qxd5 32. Qxd5+ Nxd5 33. fxg6 h6 34. Rf1 Nhf4 35. a4 Ne2 36. axb5 axb5 37. Rf7 Nxd4 38. cxd4 Re1+ 39. Kg2 Re2+ 40. Kf3 Rxc2 41. Ke4 Nc3+ 42. Ke3 Re2+ 43. Kf3 Re6 0-1


[Site "https://www.chess.com"]

[Event "Early Titled Tuesday Blitz | February 8 2022"]
[White "Poormosavi, Seyed Kian"]
[Black "Shyaamnikhil P"]
[WhiteFideId "12585807"]
[BlackFideId "5024218"]
[WhiteElo "2116"]
[BlackElo "2292"]
[Result "0-1"]
[Round "05"]
[TimeControl "180+1"]
[Date "2022.02.08"]
[WhiteClock "0:00:04"]
[BlackClock "0:00:14"]

1. e4 e5 2. Nf3 Nc6 3. c3 d5 4. Bb5 dxe4 5. Nxe5 Qd5 6. Qa4 Ne7 7. f4 exf3 8. Nxf3 a6 9. Be2 b5 10. Qb3 Be6 11. Qxd5 Nxd5 12. d4 Bd6 13. O-O Nf4 14. Re1 Nxe2+ 15. Rxe2 O-O-O 16. Nbd2 Rhe8 17. Ne4 Bc4 18. Nxd6+ cxd6 19. Rxe8 Rxe8 20. Bd2 Re2 21. Re1 Rxe1+ 22. Bxe1 Bxa2 23. Kf2 f6 24. g4 a5 25. h4 a4 26. h5 h6 27. Nh4 Bb1 28. Kg3 Kd7 29. Ng2 Na5 30. Bd2 Nb3 31. Be3 Be4 32. Nf4 Na5 33. Bc1 Nc4 34. d5 Ne5 35. Be3 Bf3 36. Ne6 Bxd5 37. Nxg7 Nd3 38. Bxh6 Nxb2 39. Bf4 Nd3 40. Be3 a3 41. Bd4 Bc4 42. h6 a2 43. h7 a1=Q 44. h8=Q Qe1+ 45. Kh2 Qe2+ 46. Kh3 Qf3+ 47. Kh2 Qf4+ 48. Kg1 Qg3+ 49. Kf1 Ne5# 0-1


[Site "https://www.chess.com"]

[Event "Early Titled Tuesday Blitz | February 8 2022"]
[White "Potapova, Margarita"]
[Black "Jaskolka, Tomasz"]
[WhiteFideId "14126869"]
[BlackFideId "1170791"]
[WhiteElo "2209"]
[BlackElo "2054"]
[Result "1-0"]
[Round "05"]
[TimeControl "180+1"]
[Date "2022.02.08"]
[WhiteClock "0:01:26"]
[BlackClock "0:00:41"]

1. d4 Nf6 2. c4 e6 3. g3 d5 4. Nf3 Be7 5. Bg2 O-O 6. O-O b6 7. cxd5 exd5 8. Nc3 Bb7 9. Bf4 Nbd7 10. Rc1 Rc8 11. Qa4 a6 12. Rfd1 Ne4 13. Qc2 Ndf6 14. Ne5 c5 15. dxc5 bxc5 16. Nxe4 Nxe4 17. Bxe4 dxe4 18. Rxd8 Rfxd8 19. h4 Bf6 20. Ng4 Be7 21. Ne3 g6 22. Bg5 f6 23. Qc4+ Kg7 24. Bf4 Rc6 25. Qb3 Ba8 26. Qc4 Bb7 27. Qxe4 Rc7 28. Qe6 Rcd7 29. Kh2 h6 30. Rg1 Kf8 31. Bxh6+ Ke8 32. Qg8+ Bf8 33. Qxf8# 1-0


[Site "https://www.chess.com"]

[Event "Early Titled Tuesday Blitz | February 8 2022"]
[White "Qashashvili, Alexandre"]
[Black "Kostina, Nadezhda"]
[WhiteFideId "13600842"]
[BlackFideId "4195876"]
[WhiteElo "2316"]
[BlackElo "2001"]
[Result "1-0"]
[Round "05"]
[TimeControl "180+1"]
[Date "2022.02.08"]
[WhiteClock "0:00:14"]
[BlackClock "0:00:01"]

1. e4 c5 2. Nc3 Nc6 3. Nf3 g6 4. d3 Bg7 5. Be3 Nd4 6. Qd2 e6 7. Be2 Ne7 8. Bd1 h6 9. O-O a6 10. a4 d6 11. Rb1 Nxf3+ 12. Bxf3 Nc6 13. g3 Nd4 14. Bg2 Bd7 15. b3 Qa5 16. Bxd4 Bxd4 17. b4 cxb4 18. Ne2 Bg7 19. Qxb4 Qxb4 20. Rxb4 Bc6 21. Rfb1 O-O-O 22. e5 d5 23. Nd4 Bxe5 24. Nxc6 bxc6 25. Rb6 Kc7 26. Rxa6 Ra8 27. Rab6 Rxa4 28. Rb7+ Kd6 29. Rxf7 Ra2 30. c4 Bd4 31. Bh3 Re2 32. Bg4 Rd2 33. cxd5 exd5 34. Rd7+ Ke5 35. Re1+ Kf6 36. Re2 Rxe2 37. Bxe2 Ra8 38. Rd6+ Kf5 39. Rxc6 Ra2 40. Kf1 Ra1+ 41. Kg2 Ra2 42. Kf3 g5 43. h3 1-0


[Site "https://www.chess.com"]

[Event "Early Titled Tuesday Blitz | February 8 2022"]
[White "Rakhmanov, Aleksandr"]
[Black "Bodnaruk, Anastasia"]
[WhiteFideId "4173708"]
[BlackFideId "4181751"]
[WhiteElo "2500"]
[BlackElo "2393"]
[Result "1-0"]
[Round "05"]
[TimeControl "180+1"]
[Date "2022.02.08"]
[WhiteClock "0:00:11"]
[BlackClock "0:00:02"]

1. d4 Nf6 2. Nf3 g6 3. g3 Bg7 4. Bg2 O-O 5. O-O d5 6. c4 c6 7. Qa4 Bf5 8. Nc3 Nbd7 9. cxd5 cxd5 10. Bf4 a6 11. Rfc1 Rc8 12. Qb3 Qb6 13. Qxb6 Nxb6 14. Ne5 Ne4 15. Nxe4 Bxe4 16. f3 Bc2 17. Kf1 f6 18. Ng4 Ba4 19. b3 Bd7 20. Nf2 e5 21. Be3 Na8 22. Nd3 Nc7 23. Nc5 Bc6 24. Rd1 Nb5 25. Ne6 Rfe8 26. Nxg7 Kxg7 27. Rac1 Nxd4 28. Bxd4 exd4 29. Rxd4 Bb5 30. Rxc8 Rxc8 31. Rd2 Rc1+ 32. Kf2 Bc6 33. f4 Rc5 34. Ke3 Kf7 35. Kd4 b6 36. e3 Ke6 37. Bh3+ f5 38. g4 Rc1 39. gxf5+ gxf5 40. Bg2 Kd6 41. Bf3 Rf1 42. Bd1 b5 43. Bc2 Bd7 44. b4 h5 45. Bb3 Be6 46. Rg2 h4 47. Rg6 Rf2 48. h3 Rd2+ 49. Kc3 Re2 50. Kd3 Re1 51. Rh6 Rh1 52. Rxh4 Ke7 53. Rh7+ Kd6 54. Rh6 Rh2 55. h4 Ke7 56. Kd4 Rh1 57. Ke5 Bf7 58. Rxa6 Rxh4 59. Ra7+ Kf8 60. Bxd5 Bxd5 61. Kxd5 Rh3 62. Kc5 Rxe3 63. Kxb5 Re4 64. a4 Rxf4 65. a5 Rf1 66. a6 Ra1 67. Rd7 Ke8 68. Rd5 f4 69. Rf5 1-0


[Site "https://www.chess.com"]

[Event "Early Titled Tuesday Blitz | February 8 2022"]
[White "Rangel, Daniel"]
[Black "Hansen, Eric"]
[WhiteFideId "2124475"]
[BlackFideId "2606771"]
[WhiteElo "2187"]
[BlackElo "2568"]
[Result "0-1"]
[Round "05"]
[TimeControl "180+1"]
[Date "2022.02.08"]
[WhiteClock "0:00:08"]
[BlackClock "0:00:16"]

1. c4 e5 2. g3 Nf6 3. Bg2 Bc5 4. Nf3 d6 5. d4 exd4 6. Nxd4 O-O 7. O-O Re8 8. Nc3 h6 9. Nc2 Nc6 10. Be3 Bxe3 11. Nxe3 Ne5 12. b3 c6 13. Qd2 Qe7 14. Rad1 Rd8 15. h3 a5 16. Nc2 Bf5 17. Nd4 Bh7 18. e4 a4 19. Nxa4 Nxc4 20. Qe2 Ne5 21. Rfe1 Re8 22. Nf5 Bxf5 23. exf5 Qc7 24. Rc1 d5 25. Qd2 Qd6 26. f4 Ned7 27. g4 b5 28. Nc3 b4 29. Na4 Rxe1+ 30. Rxe1 Re8 31. g5 Rxe1+ 32. Qxe1 Nh5 33. g6 Kf8 34. Qe2 Nxf4 35. Qa6 fxg6 36. fxg6 Qxg6 37. Qc8+ Ke7 0-1


[Site "https://www.chess.com"]